 Dungeon Crawl Stone Soup version 0.31-a0-940-gdaa99269f9 (webtiles) character file.

Game seed: 2366922473804979763

2328 mortress the Changeling (level 9, 0/65 (75) HPs)
             Began as a Green Draconian Shapeshifter on Oct 20, 2023.
             Was an Initiate of Ru.
             Slain by a wight
             ... wielding a +0 long sword
              (1 damage)
             ... on level 6 of the Dungeon.
             The game lasted 00:26:58 (6966 turns).

mortress the Changeling (DrSh)                      Turns: 6966, Time: 00:26:59

HP:   0/65 (75)     AC:  7    Str: 20    XL:     9   Next: 19%
MP:   9/9           EV: 13    Int: 12    God:    Ru [......]
Gold: 459           SH:  0    Dex: 10    Spells: 8/8 levels left

rFire   . .          .
                       - Unarmed
rCold   . . .        (no shield)
rNeg    . . .        (body armour unavailable)
rPois   +            (helmet currently unavailable)
rElec   .            (cloak currently unavailable)
rCorr   .            (gloves currently unavailable)
SInv    .            (boots currently unavailable)
Will    .....        (no amulet)
Stlth   +            (no ring)
HPRegen 0.30/turn    (no ring)
MPRegen 0.11/turn

%: no passive effects
@: beast-form, heavily drained
A: beast (slay +4), breathe noxious fumes, AC +7, unfitting armour, poison
resistance, cold-blooded
a: Breathe Noxious Fumes, Begin Untransformation, Renounce Religion


You were on level 6 of the Dungeon.
You worshipped Ru.
Ru was noncommittal.
You were a hulking beast.
You visited 2 branches of the dungeon, and saw 8 of its levels.

You collected 459 gold pieces.

Inventory:

Missiles
 f - 19 poisoned darts
 F - 3 curare-tipped darts
Armour
 E - a +0 pair of boots
Jewellery
 e - a +6 ring of strength
 h - a ring of fire
 j - a ring of resist corrosion
 w - a ring of fire
 D - a ring of magical power
 G - a ring of fire
Talismans
 b - a beast talisman (active)
 c - a flux talisman
 t - a serpent talisman
 y - a maw talisman
 A - a serpent talisman
Wands
 a - a wand of flame (8)
Scrolls
 d - 2 scrolls of immolation {unknown}
 g - 5 scrolls of fog {unknown}
 i - a scroll of enchant armour {unknown}
 m - a scroll of noise {unknown}
 n - a scroll of torment {unknown}
 o - 2 scrolls of butterflies {unknown}
 p - 3 scrolls of blinking {unknown}
 q - a scroll of poison {unknown}
 r - 3 scrolls of teleportation {unknown}
 s - a scroll of fear {unknown}
 u - a scroll of amnesia {unknown}
 B - a scroll of revelation {unknown}
Potions
 k - 2 potions of invisibility {unknown}
 l - 2 potions of curing
 v - 2 potions of mutation
 x - 2 potions of resistance
 z - a potion of enlightenment


   Skills:
 + Level 6.1 Fighting
 + Level 5.2 Dodging
 + Level 6.2 Unarmed Combat
 * Level 7.7 Shapeshifting


You had 8 spell levels left.
You didn't know any spells.
Your spell library contained the following spells:

 Spells                   Type           Power      Damage    Failure   Level
 Apportation              Tloc           0%         N/A       32%         1
 Necrotise                Necr           0%         1d4       32%         1
 Summon Small Mammal      Summ           0%         N/A       32%         1
 Lesser Beckoning         Tloc           0%         N/A       45%         2
 Scorch                   Fire           0%         2d5       45%         2
 Sublimation of Blood     Necr           0%         N/A       45%         2
 Wereblood                Tmut           0%         N/A       45%         2
 Gell's Gravitas          Tloc           0%         N/A       69%         3
 Ozocubu's Armour         Ice            0%         N/A       69%         3
 Teleport Other           Tloc           0%         N/A       69%         3
 Flame Wave               Conj/Fire      0%         2d4       97%         4
 Metabolic Englaciation   Hex/Ice        0%         N/A       100%        5
 Simulacrum               Ice/Necr       0%         N/A       100%        6
 Summon Cactus Giant      Summ           0%         N/A       100%        6
 Ozocubu's Refrigeration  Ice            0%         4d7       100%        7
 Summon Hydra             Summ           0%         N/A       100%        7


Dungeon Overview and Level Annotations

Branches:
Dungeon (7/15)             Temple (1/1) D:5

Altars:
Ashenzari
Cheibriados
Dithmenos
Elyvilon
Fedhas
Gozag
Hepliaklqana
Kikubaaqudgha
Makhleb
Nemelex Xobeh
Okawaru
Qazlal
Ru
Sif Muna
Trog
Uskayaw
Vehumet
Wu Jian
Xom
Yredelemnul
Zin
The Shining One

Annotations:
D:5 3 runed translucent doors, Kurtz's ghost, weakling FoDe


Innate Abilities, Weirdness & Mutations

You are a hulking beast.
Your limbs bulge with bestial killing power. (Slay +4)
You can breathe blasts of noxious fumes.
Your lurid green scales are hard. (AC +7)
You cannot fit into any form of body armour.
Your system is resistant to poisons. (rPois)
You are cold-blooded and may be slowed by cold attacks.


Message History

The wight hits you with a +0 long sword!
* * * LOW HITPOINT WARNING * * *
You feel drained.
* * * LOW HITPOINT WARNING * * *
The wight hits you with a +0 long sword.
* * * LOW HITPOINT WARNING * * *
Okay, then.
Unknown command.
Okay, then.
Unknown command.
You feel better. The wight closely misses you. The wight barely misses you.
The wight attacks as it pursues you!
The wight hits you with a +0 long sword.
* * * LOW HITPOINT WARNING * * *
The wight attacks as it pursues you! The wight barely misses you.
The wight attacks as it pursues you!
The wight hits you with a +0 long sword.
* * * LOW HITPOINT WARNING * * *
There is an open door here.
You hit the wight but do no damage.
Your tail-slap misses the wight.
Your punch misses the wight.
The wight is severely damaged.
The wight closely misses you.
You hit the wight.
Your tail-slap misses the wight.
You punch the wight.
The wight is almost destroyed.
You punch the wight!
You destroy the wight!
You feel better. The wight barely misses you.
You hit the wight.
The wight is moderately damaged.
The wight hits you with a +0 long sword.
* * * LOW HITPOINT WARNING * * *
You feel drained.
* * * LOW HITPOINT WARNING * * *
You punch the wight!
The wight is severely damaged.
The wight hits you with a +0 long sword.
* * * LOW HITPOINT WARNING * * *
You feel drained.
You die...

.....................#
.....................#
.....................#
..............##.....#
..............########
############'###.....#
..###......[...#.....#
....#......>...#.....#
....#.......[..#h....#
....#........).z)....#
....#.........[########
....#......(..........#
#####......)..........#
......#########.......#
......#.......#.......#
......#.......#.......#
......#.......#.......#


You could see a wight.

Vanquished Creatures
  Prince Ribbit (D:5)
  Grinder (D:5)
  2 water moccasins
  A black bear (D:5)
  2 centaurs (D:6)
  2 phantoms
  A kobold brigand (D:7)
  A bullfrog (D:7)
  A scorpion (D:5)
  4 wights
  A crimson imp (D:6)
  A jelly (D:4)
  6 hounds
  4 orc priests
  3 iguanas
  3 orc wizards
  Ijyb (D:4)
  Natasha (D:4)
  14 gnolls
  7 adders
  A shadow imp (D:6)
  2 white imps (D:6)
  4 worms
  20 orcs
  3 bats
  6 endoplasms
  3 giant cockroaches
  9 goblins
  6 hobgoblins
  6 jackals
  13 kobolds
  4 quokkas
  11 ball pythons
  4 frilled lizards
  9 rats
158 creatures vanquished.

Notes
Turn   | Place    | Note
-------+----------+-------------------------------------------
     0 | D:1      | mortress the Draconian Shapeshifter began the quest for the
                  | Orb.
     0 | D:1      | Reached XP level 1. HP: 16/16 MP: 1/1
   190 | D:1      | Reached XP level 2. HP: 23/23 MP: 2/2
   898 | D:2      | Reached XP level 3. HP: 29/29 MP: 3/3
  1847 | D:2      | Reached XP level 4. HP: 7/36 MP: 4/4
  2120 | D:3      | Reached skill level 4 in Shapeshifting
  2339 | D:3      | Reached XP level 5. HP: 41/42 MP: 5/5
  2769 | D:4      | Noticed Ijyb
  3077 | D:4      | Noticed a phantom
  3199 | D:4      | Reached XP level 6. HP: 49/51 MP: 6/6
  3366 | D:4      | Noticed Natasha
  3381 | D:4      | Killed Natasha
  3402 | D:4      | Killed Ijyb
  3403 | D:4      | Reached skill level 5 in Shapeshifting
  3730 | D:5      | Entered Level 5 of the Dungeon
  3781 | D:5      | Your scales start taking on a lurid green colour.
  3781 | D:5      | Reached XP level 7. HP: 48/58 MP: 7/7
  3781 | D:5      | Gained mutation: Your system is resistant to poisons.
                  | (rPois) [Green Draconian growth]
  3837 | D:5      | Found a runed translucent gate.
  3837 | D:5      | Found a runed translucent gate.
  3837 | D:5      | Found a runed translucent gate.
  3839 | D:5      | Noticed Kurtz's ghost (weakling FoDe)
  3980 | D:5      | Found a staircase to the Ecumenical Temple.
  4003 | D:5      | Noticed Grinder
  4048 | D:5      | Killed Grinder
  4307 | D:5      | Noticed Prince Ribbit
  4326 | D:5      | Killed Prince Ribbit
  4327 | D:5      | Reached skill level 5 in Unarmed Combat
  4327 | D:5      | Reached skill level 6 in Shapeshifting
  4327 | D:5      | Reached XP level 8. HP: 22/67 MP: 8/8
  5207 | D:6      | Reached skill level 5 in Fighting
  5488 | Temple   | Entered the Ecumenical Temple
  5544 | Temple   | Became a worshipper of Ru the Awakened
  5619 | D:6      | Reached skill level 7 in Shapeshifting
  6119 | D:6      | Found a basalt altar of Yredelemnul.
  6125 | D:6      | Found a broken altar of Ashenzari.
  6131 | D:6      | Found a shimmering blue altar of Sif Muna.
  6134 | D:6      | Found a snail-covered altar of Cheibriados.
  6136 | D:6      | Found a shimmering altar of Xom.
  6137 | D:6      | Found a bloodstained altar of Trog.
  6139 | D:6      | Found a shadowy altar of Dithmenos.
  6595 | D:7      | Reached skill level 5 in Dodging
  6615 | D:6      | Reached XP level 9. HP: 21/69 MP: 9/9
  6955 | D:6      | HP: 1/68 [wight/+0 long sword (6)]
  6966 | D:6      | HP: 1/67 [wight/+0 long sword (6)]
  6966 | D:6      | Slain by a wight

Illustrated notes

Levels and vault maps discovered:
D:1:      mrwooster_arrival_statue_2, layout_basic, dreamdust_wishing_well,
          chequers_mini_garden, corner_web_ring
D:2:      layout_basic
D:3:      layout_rooms, minmay_crystal_water, kennysheep_small_spiral,
          grunt_decor_one_mirror, wad_rectangle_vault
D:4:      layout_cave_pools, uniq_ijyb, uniq_natasha
D:5:      layout_basic, minmay_temple_entry_offerings, gammafunk_ghost_split,
          hangedman_abyss_or_decor_passed, uniq_prince_ribbit1, uniq_grinder
D:6:      layout_gridville, nicolae_overflow_hallway_of_the_gods,
          serial_bayou_pond_d, minmay_fire_ice_demons
D:7:      layout_gridville
Temple:   bh_familiar_temple

Skill      XL: |  1  2  3  4  5  6  7  8  9 |
---------------+----------------------------+-----
Dodging        | 2 3 4 5 |  5.2
Fighting       | 2 3 4 5 6 |  6.1
Shapeshifting  | 4 5 6 7 |  7.7
Unarmed Combat | 4 5 6 |  6.2

Action                     |  1- 3 |  4- 6 |  7- 9 || total
---------------------------+-------+-------+-------++-------
  Melee: Unarmed           |   135 |   168 |   217 ||   520
         Tailslap          |    12 |    15 |    30 ||    57
         Punch             |     2 |     2 |     9 ||    13
Ability: Breathe Noxious F |       |       |     7 ||     7
  Evoke: Wand              |       |       |     4 ||     4
    Use: Scroll            |       |     1 |     3 ||     4
         Potion            |       |     1 |     5 ||     6
   Stab: Sleeping          |       |     1 |       ||     1
         Confused          |       |       |     6 ||     6
 Armour: Skin              |    67 |    85 |   156 ||   308
  Dodge: Dodged            |    54 |    95 |   145 ||   294

Table legend: (Time is in decaauts)
 A = Elapsed time spent in this place.
 B = Non-inter-level travel time spent in this place.
 C = Inter-level travel time spent in this place.
 D = Time resting spent in this place.
 E = Time spent auto-exploring this place.
 F = Levels seen in this place.
 G = Mean time per level.
                   A        B        C        D        E       F      G
               +--------+--------+--------+--------+--------+-----+--------+
         Total |   6931 |   6691 |    240 |    729 |   4483 |   8 |  866.4 |
       Dungeon |   6857 |   6634 |    223 |    729 |   4483 |   7 |  979.6 |
        Temple |     74 |     57 |     17 |      0 |      0 |   1 |   74.0 |
               +--------+--------+--------+--------+--------+-----+--------+

Top non-repeatable levels by time:
     D:5: 1631 daAuts
     D:6: 1315 daAuts
     D:2: 1126 daAuts
     D:3: 1070 daAuts
     D:1: 815 daAuts
     D:4: 705 daAuts
     D:7: 192 daAuts
  Temple: 74 daAuts
